 Dungeon Crawl Stone Soup version 0.20-a0-927-g1ae2c61 (webtiles) character file.

160545 Ijustatesigmund the Warrior (level 17, -2/146 HPs)
             Began as a Barachi Fighter on Mar 25, 2017.
             Was a High Priest of Cheibriados.
             Slain by a spatial maelstrom (3 damage)
             ... on level 3 of the Abyss on Mar 28, 2017.
             The game lasted 02:08:23 (26992 turns).

Ijustatesigmund the Warrior (Barachi Fighter)      Turns: 26992, Time: 02:08:24

Health: -2/146     AC: 23    Str: 33    XL:     17   Next: 76%
Magic:  9/26       EV: 19    Int: 24    God:    Cheibriados [*****.]
Gold:   1219       SH: 16    Dex: 30    Spells: 20/28 levels left

rFire    + . .     SeeInvis +   s - +6 eudemon blade (holy)
rCold    . . .     Gourm    .   C - +2 shield {AC+3}
rNeg     . . .     Faith    .   Q - +1 robe of Baulua {rF+ Dex+3 Stlth+}
rPois    +         Spirit   .   u - +1 hat {SInv}
rElec    .         Reflect  .   Y - +2 cloak {rPois}
rCorr    .         Harm     .   j - +3 pair of gauntlets of War {Slay+5}
MR       +....                  o - +1 pair of boots
Stlth    ++++......             U - amulet of regeneration
Regen    0.8/turn               N - +2 ring of evasion
MPRegen  0.2/turn               p - +3 ring of protection

@: about to teleport, can't hop, very slow
A: +LOS, swims, icy blue scales 1, slowness 1, strong legs 2
a: Hop, Bend Time, Temporal Distortion, Slouch, Step From Time, Renounce
Religion


You were on level 3 of the Abyss.
You worshipped Cheibriados.
Cheibriados was extremely pleased with you.
You were not hungry.

You visited 4 branches of the dungeon, and saw 24 of its levels.
You visited the Abyss 1 time.
You also visited: Labyrinth, Ossuary and Ice Cave.

You collected 2763 gold pieces.
You spent 1544 gold pieces at shops.

Inventory:

Hand Weapons
 a - a +2 long sword of electrocution
 s - a +6 eudemon blade of holy wrath (weapon)
 H - the +11 demon blade of Defilement {venom, rF+ Str+3 Int+3}
   (You acquired it on level 7 of the Dungeon)

   It poisons the flesh of those it strikes.
   It affects your strength (+3).
   It affects your intelligence (+3).
   It protects you from fire.
Missiles
 h - 16 javelins (quivered)
Armour
 j - the +3 pair of gauntlets of War (worn) {Slay+5}
   (You found it in a labyrinth)

   It affects your accuracy and damage with ranged weapons and melee attacks
   (+5).
 o - a +1 pair of boots (worn)
 u - a +1 hat of see invisible (worn)
 C - a +2 shield of protection (worn)
 G - the +2 robe "Ujecaed" {rPois, unknown}
   (You found it on level 3 of the Abyss)

   It protects you from poison.
 Q - the +1 robe of Baulua (worn) {rF+ Dex+3 Stlth+}
   (You found it on level 1 of the Lair of Beasts)

   It affects your dexterity (+3).
   It protects you from fire.
   It makes you more stealthy.
 W - a scarf of cold resistance
 Y - a +2 cloak of poison resistance (worn)
Jewellery
 g - an uncursed ring of protection from fire
 p - a +3 ring of protection (right hand)
 v - an uncursed ring of magical power
 y - an uncursed ring of fire
 E - an uncursed ring of positive energy
 L - an uncursed ring of protection from magic
 N - a +2 ring of evasion (left hand)
 S - the macabre finger necklace {rN+}
   (You found it in a labyrinth)

   [amulet of nothing]

   It protects you from negative energy.
 U - an amulet of regeneration (around neck)
Wands
 w - a wand of iceblast (6/15)
 O - a wand of iceblast (4/15)
 P - a wand of lightning (6/15)
 R - a wand of lightning (10/15)
 T - a wand of acid (8/15)
 Z - a wand of acid (6/15)
Scrolls
 e - 5 scrolls of fear
 i - a scroll of fog
 n - 4 scrolls of recharging
 t - 8 scrolls of amnesia
 x - a scroll of magic mapping
 z - 2 scrolls of immolation
 A - 12 scrolls of teleportation
 B - 13 scrolls of remove curse
Potions
 b - 2 potions of lignification
 c - a potion of agility
 k - 2 potions of might
 l - 2 potions of curing
 q - 6 potions of flight
 D - a potion of cancellation
 F - 4 potions of mutation
 J - 4 potions of invisibility
 K - a potion of magic
 M - a potion of ambrosia
 X - a potion of resistance
Books
 d - a book of Geomancy

   Spells                             Type                      Level
   a - Sandblast                      Earth                        1
   b - Passwall                       Transmutation/Earth          2
   c - Stone Arrow                    Conjuration/Earth            3
   d - Petrify                        Transmutation/Earth          4
   e - Lee's Rapid Deconstruction     Earth                        5
 r - a book of Flames

   Spells                             Type                      Level
   a - Flame Tongue                   Conjuration/Fire             1
   b - Throw Flame                    Conjuration/Fire             2
   c - Conjure Flame                  Conjuration/Fire             3
   d - Inner Flame                    Hexes/Fire                   3
   e - Sticky Flame                   Conjuration/Fire             4
   f - Fireball                       Conjuration/Fire             5
Comestibles
 f - 10 bread rations
 m - 13 meat rations
 I - 16 royal jellies


   Skills:
 + Level 16.7 Fighting
 - Level 15.4 Long Blades
 - Level 8.8 Armour
 - Level 6.4 Dodging
 - Level 3.8 Stealth
 - Level 8.1 Shields
 + Level 6.2 Spellcasting
 - Level 11.0 Conjurations
 - Level 8.3 Hexes
 - Level 8.0 Ice Magic
 - Level 10.1 Earth Magic
 - Level 11.8 Invocations


You had 20 spell levels left.
You knew the following spells:

 Your Spells              Type           Power        Failure   Level  Hunger
a - Dazzling Spray        Conj/Hex       ######       1%          3    None
b - Ensorcelled Hibernat  Hex/Ice        #####.       1%          2    None
c - Stone Arrow           Conj/Erth      ######       1%          3    None


Dungeon Overview and Level Annotations

Branches:
Dungeon (15/15)            Temple (1/1) D:7            Lair (6/6) D:9
 Shoals (0/4) Lair:3       Spider (0/4) Lair:3        Slime (0/5) Lair:5
    Orc (2/2) D:10            Elf (0/3) Orc:2        Vaults (0/5) D:14
 Depths: D:15

Altars:
Ashenzari
Cheibriados
Dithmenos
Elyvilon
Fedhas
Gozag
Hepliaklqana
Kikubaaqudgha
Makhleb
Okawaru
Ru
Sif Muna
Trog
Uskayaw
Vehumet
Wu Jian
The Shining One
Jiyva

Shops:
D:9 :   D:13 (   Orc:2 (*(*

Annotations:
D:13 exclusion: orange crystal statue
D:15 Louise, Sonja


Innate Abilities, Weirdness & Mutations

Shadows flee at your approach. (+LOS)
You can swim through water.
You cover ground slowly.
You can hop longer distances.
You are partially covered in icy blue scales. (AC +2)


Message History

Boing!
Found 21 stones.
A spatial vortex comes into view.
As you read the scroll of fog, it crumbles to dust.
The scroll dissolves into smoke.
A spatial vortex comes into view.
As you read the scroll of teleportation, it crumbles to dust.
You feel strangely unstable.
You feel the power of the Abyss delaying your translocation!
A ynoxinul comes into view.
The bone dragon closely misses you.
The bone dragon claws you but does no damage.
You block the bone dragon's attack.
The spatial maelstrom hits you but does no damage. x2
The bone dragon bites you but does no damage.
You block the bone dragon's attack. x2
The spatial maelstrom hits you!
* * * LOW HITPOINT WARNING * * *
Space bends around you.
You die...

# ##.# ###. .3. ..###...
....(.### # ##
#########..#....... ###
#####§§§§....# .... ####
##..§§§§§..#.#....
######....§§§§§D....#
.###.. ..§v..vv@.#.# .
.$..#..v......∩.......#
.v.v..Z..v.v.......#.##..
vv..v.v†.........#..... #
...v.#.............#.#
#####v ####........#...
### # ### #####..###..##
.... ## ....


You could see a bone dragon, a spatial maelstrom, 5 spatial vortices and a
ynoxinul (sleeping).

Vanquished Creatures
  A profane servitor (Abyss:3)
  A bone dragon (Abyss:3)
  A lich (Abyss:3)
  3 tentacled starspawn (Abyss:3)
  Gastronok (Lair:1)
  A daeva (Abyss:3)
  A reaper (Abyss:3)
  Azrael (D:12)
  A lorocyproca (Abyss:3)
  A crystal guardian (Abyss:3)
  A minotaur (Lab)
  A green death (Abyss:3)
  Josephine (D:10)
  A fire dragon (Lair:6)
  Harold (D:10)
  Erolcha (D:11)
  A great orb of eyes (Abyss:3)
  2 rakshasas
  Fannar (D:12)
  5 hydras
  2 centaur warriors
  5 ogre magi
  29 two-headed ogres
  A death knight (D:12)
  A vampire mage (Abyss:3)
  A tengu warrior (D:14)
  The ghost of hittemvvvvhard the Spear-Bearer, a novice DsWr of Yredelemnul (D:10)
  A hell hog (Abyss:3)
  Urug (Lair:3)
  5 death yaks
  6 thrashing horrors (Abyss:3)
  6 hell knights (Abyss:3)
  5 wretched stars (Abyss:3)
  5 spatial maelstroms (Abyss:3)
  A skeletal warrior (D:12)
  An unseen horror (shapeshifter) (Abyss:3)
  An anaconda zombie (Abyss:3)
  An unseen horror (Abyss:3)
  A swamp dragon (Lair:6)
  A deep troll (D:14)
  A wizard (D:14)
  A deep elf archer (Orc:2)
  4 deep elf magi
  2 orc knights
  An anaconda skeleton (Abyss:3)
  A wolf spider zombie (D:15)
  A mana viper (Abyss:3)
  A wolf spider (Lair:6)
  2 cyclopes
  2 orc sorcerers (Orc:2)
  6 ugly things
  15 large abominations (Abyss:3)
  3 worldbinders (Abyss:3)
  A guardian serpent (Lair:6)
  6 elephants
  3 ice statues (IceCv)
  An apocalypse crab (Abyss:3)
  Psyche (D:8)
  4 black mambas
  Maurice (Orc:1)
  A rust devil (Abyss:3)
  3 smoke demons (Abyss:3)
  24 spiny frogs
  2 gargoyles
  6 centaur skeletons
  2 orange demons (Abyss:3)
  A yaktaur (D:14)
  10 komodo dragons
  A tormentor (Abyss:3)
  A freezing wraith (D:12)
  3 rime drakes
  The ghost of Paps the Ruffian, an amateur TrMo of Wu Jian (D:4)
  A catoblepas skeleton (Abyss:3)
  2 ancient zymes (Abyss:3)
  2 polar bears
  A queen bee (D:12)
  A wind drake (shapeshifter) (Abyss:3)
  2 trolls
  4 jumping spiders (Lair:3)
  4 raiju (Abyss:3)
  4 hornets
  8 hippogriffs
  7 dream sheep (Lair:6)
  22 blink frogs
  2 air elementals (Abyss:3)
  12 redbacks
  A spriggan (Lair:3)
  10 wraiths
  57 yaks
  A shadow (D:13)
  2 ynoxinuls (Abyss:3)
  4 fire elementals (D:12)
  13 wyverns
  A fire bat (shapeshifter) (D:15)
  3 basilisks
  16 humans (D:14)
  2 vampire mosquitoes (D:10)
  A chaos spawn (Abyss:3)
  4 neqoxecs (Abyss:3)
  A hungry ghost (D:12)
  4 steam dragons
  5 insubstantial wisps (Abyss:3)
  10 spatial vortices (Abyss:3)
  2 hell hounds (D:12)
  A soldier ant (D:11)
  25 water moccasins
  2 wargs
  An acid dragon (D:12)
  16 porcupines
  3 swamp drakes
  A sky beast (D:14)
  13 orc warriors
  8 ice beasts
  3 black bears
  28 ogres
  2 necrophages
  4 eyes of draining
  20 wolves
  7 centaurs
  15 crocodiles
  An elf zombie (D:6)
  2 big kobolds
  11 bullfrogs
  A wyvern zombie (D:9)
  An elf skeleton (D:6)
  10 small abominations (Abyss:3)
  6 scorpions
  36 killer bees
  9 wights
  5 howler monkeys
  3 bullfrog zombies
  11 crimson imps
  12 hounds
  22 starcursed masses (Abyss:3)
  13 orc priests
  2 jellies
  A gnoll shaman (D:6)
  A human zombie (Ossuary)
  5 bullfrog skeletons
  5 iguanas
  Natasha (thrice) (D:3)
  A human skeleton (D:6)
  24 orc wizards
  12 worker ants
  3 mummies (Ossuary)
  2 hound skeletons
  A worker ant zombie (D:11)
  16 adders
  9 gnolls
  4 shadow imps
  A white imp (D:11)
  An ooze (D:1)
  2 adder skeletons
  2 worms
  3 dart slugs
  9 leopard geckos
  73 orcs
  6 bats
  4 giant cockroaches
  13 goblins
  7 hobgoblins
  18 jackals
  2 quokkas
  3 frilled lizards
  A giant cockroach zombie (D:5)
  4 goblin zombies (Ossuary)
  4 hobgoblin zombies (Ossuary)
  15 kobolds
  3 kobold zombies (Ossuary)
  2 leopard gecko skeletons (D:4)
  2 orc skeletons (D:6)
  An orc zombie (D:6)
  A quokka skeleton (D:7)
  3 rats
  2 plants (Lair:6)
  3 starspawn tentacles (Abyss:3)
989 creatures vanquished.

Vanquished Creatures (others)
  An orc warrior (D:10)
  A small abomination (Abyss:3)
  30 fungi
  40 plants
  8 starspawn tentacles (Abyss:3)
80 creatures vanquished.

Grand Total: 1069 creatures vanquished

Notes
Turn   | Place    | Note
-------+----------+-------------------------------------------
     0 | D:1      | Ijustatesigmund the Barachi Fighter began the quest for the Orb.
     0 | D:1      | Reached XP level 1. HP: 18/18 MP: 1/1
    55 | D:1      | Reached XP level 2. HP: 25/25 MP: 2/2
   274 | D:1      | Reached skill level 4 in Fighting
   412 | D:1      | Reached XP level 3. HP: 22/30 MP: 3/3
   860 | D:2      | Reached XP level 4. HP: 34/38 MP: 4/4
  1545 | D:3      | Noticed Natasha
  1551 | D:3      | Killed Natasha
  1551 | D:3      | Reached skill level 5 in Long Blades
  1796 | D:3      | Found a hide-covered altar of Uskayaw.
  1854 | D:3      | Noticed Natasha
  1863 | D:3      | Reached XP level 5. HP: 34/43 MP: 5/5
  1865 | D:3      | Killed Natasha
  1865 | D:3      | Reached skill level 5 in Fighting
  2266 | D:3      | Noticed Natasha
  2275 | D:3      | Killed Natasha
  2275 | D:3      | Reached skill level 1 in Dodging
  2463 | D:3      | Upgraded the game from 0.20-a0-920-gb18bc0f to 0.20-a0-924-gfa95efa
  2626 | D:4      | Reached XP level 6. HP: 51/51 MP: 6/6
  2873 | D:4      | Found an iron altar of Okawaru.
  3507 | D:4      | Noticed Paps's ghost (amateur TrMo)
  3526 | D:4      | Reached XP level 7. HP: 39/57 MP: 7/7
  3537 | D:4      | Killed Paps's ghost
  3537 | D:4      | Reached skill level 6 in Fighting
  3699 | D:4      | Noticed a hippogriff
  3710 | D:4      | Killed a hippogriff
  3710 | D:4      | Reached XP level 8. HP: 48/65 MP: 8/8
  4108 | D:5      | Entered Level 5 of the Dungeon
  4125 | D:5      | Found a white marble altar of Elyvilon.
  4138 | D:5      | Upgraded the game from 0.20-a0-924-gfa95efa to 0.20-a0-927-g1ae2c61
  4482 | D:5      | Reached skill level 7 in Fighting
  5335 | D:5      | Found a deep blue altar of Sif Muna.
  5642 | D:6      | Found a sand-covered staircase.
  5659 | Ossuary  | Entered an ossuary
  5659 | Ossuary  | Noticed a wraith
  5659 | Ossuary  | Noticed a wraith
  5659 | Ossuary  | Noticed a wraith
  5876 | Ossuary  | Noticed a wraith
  5886 | Ossuary  | Killed a wraith
  5886 | Ossuary  | Reached skill level 10 in Long Blades
  5886 | Ossuary  | Reached XP level 9. HP: 52/74 MP: 9/9
  6525 | D:6      | Found a sacrificial altar of Ru.
  6591 | D:6      | Reached skill level 8 in Fighting
  7018 | D:6      | Reached skill level 5 in Armour
  7283 | D:6      | Found a radiant altar of Vehumet.
  7577 | D:7      | Found a glowing golden altar of the Shining One.
  7627 | D:7      | Noticed a cyclops
  7761 | D:7      | Killed a cyclops
  7761 | D:7      | Reached skill level 9 in Fighting
  7761 | D:7      | Reached skill level 5 in Shields
  8129 | D:7      | Identified 2 scrolls of acquirement
  8132 | D:7      | Got a steaming demon blade
  8133 | D:7      | Identified the +11 demon blade of Defilement {venom, rF+ Str+3 Int+3} (You acquired it on level 7 of the Dungeon)
  8267 | D:7      | Found a staircase to the Ecumenical Temple.
  8274 | D:7      | Reached XP level 10. HP: 61/83 MP: 10/10
  8373 | Temple   | Entered the Ecumenical Temple
  8379 | Temple   | Became a worshipper of Cheibriados the Contemplative
  8600 | D:7      | Reached skill level 1 in Invocations
  8877 | D:8      | Noticed a two-headed ogre
  8881 | D:8      | Killed a two-headed ogre
  8924 | D:8      | Found a shattered altar of Ashenzari.
  8924 | D:8      | Noticed Psyche
  8930 | D:8      | Killed Psyche
  8994 | D:8      | Reached * piety under Cheibriados
  9591 | D:10     | Entered Level 10 of the Dungeon
  9593 | D:10     | Noticed Josephine
  9625 | D:9      | Reached ** piety under Cheibriados
  9703 | D:9      | Noticed a two-headed ogre
  9708 | D:9      | Killed a two-headed ogre
  9708 | D:9      | Reached XP level 11. HP: 67/90 MP: 13/13
  9946 | D:9      | Found Kodam's Book Shop.
 10071 | D:9      | Found a staircase to the Lair.
 10209 | D:10     | Reached *** piety under Cheibriados
 10305 | D:10     | Killed Josephine
 10583 | D:10     | Reached **** piety under Cheibriados
 10602 | D:10     | Noticed a two-headed ogre
 10612 | D:10     | Killed a two-headed ogre
 10612 | D:10     | Reached skill level 15 in Long Blades
 10809 | D:10     | Found a staircase to the Orcish Mines.
 11175 | D:10     | Noticed Harold
 11181 | D:10     | Killed Harold
 11181 | D:10     | Reached skill level 10 in Fighting
 11181 | D:10     | Reached skill level 5 in Dodging
 11244 | D:10     | Reached ***** piety under Cheibriados
 11300 | D:10     | Reached XP level 12. HP: 88/98 MP: 14/14
 11305 | D:10     | Learned a level 3 spell: Dazzling Spray
 11486 | D:10     | Noticed hittemvvvvhard's ghost (novice DsWr)
 11497 | D:10     | Killed hittemvvvvhard's ghost
 11497 | D:10     | Reached skill level 1 in Spellcasting
 11497 | D:10     | Reached skill level 1 in Conjurations
 11497 | D:10     | Reached skill level 1 in Hexes
 11957 | D:11     | Noticed a two-headed ogre
 11961 | D:11     | Killed a two-headed ogre
 12046 | D:11     | Noticed a four-headed hydra
 12054 | D:11     | Killed a six-headed hydra
 12087 | D:11     | Learned a level 2 spell: Ensorcelled Hibernation
 12484 | D:11     | Noticed a two-headed ogre
 12490 | D:11     | Killed a two-headed ogre
 12490 | D:11     | Reached skill level 1 in Ice Magic
 12598 | D:11     | Noticed Erolcha
 12602 | D:11     | Killed Erolcha
 12822 | D:12     | Noticed Fannar
 12850 | D:11     | Noticed a two-headed ogre
 12855 | D:11     | Killed a two-headed ogre
 12910 | Lair:1   | Entered Level 1 of the Lair of Beasts
 12926 | Lair:1   | Noticed Gastronok
 12976 | Lair:1   | Killed Gastronok
 12976 | Lair:1   | Reached skill level 5 in Invocations
 13003 | Lair:1   | Found a labyrinth entrance.
 13013 | Lab      | Entered a labyrinth
 13654 | Lab      | Noticed a minotaur
 13662 | Lab      | Killed a minotaur
 13681 | Lab      | Got a scorched leather armour
 13714 | Lab      | Identified the +1 leather armour "Zaha" {Int+2} (You found it in a labyrinth)
 13939 | Lair:1   | Reached skill level 5 in Hexes
 13941 | Lair:1   | Reached skill level 5 in Conjurations
 14051 | Lair:1   | Gained mutation: You can hop longer distances. [Barachi growth]
 14051 | Lair:1   | Reached XP level 13. HP: 104/104 MP: 19/19
 14067 | Lair:1   | Got a sheer robe
 14291 | D:9      | Identified the +1 robe of Baulua {rF+ Dex+3 Stlth+} (You found it on level 1 of the Lair of Beasts)
 14372 | Lair:2   | Reached skill level 5 in Ice Magic
 14883 | Lair:2   | Reached ****** piety under Cheibriados
 15193 | Lair:3   | Found a staircase to the Shoals.
 15626 | Lair:3   | Found a hole to the Spider Nest.
 15737 | Lair:3   | Noticed Urug
 15746 | Lair:3   | Killed Urug
 16767 | Lair:4   | Reached XP level 14. HP: 111/111 MP: 20/20
 16975 | Lair:4   | Reached skill level 11 in Fighting
 17345 | Lair:5   | Found a viscous altar of Jiyva.
 17345 | Lair:5   | Found a staircase to the Slime Pits.
 17909 | Lair:5   | Reached skill level 12 in Fighting
 18476 | Lair:6   | Entered Level 6 of the Lair of Beasts
 18982 | Lair:6   | Reached skill level 13 in Fighting
 20145 | Lair:6   | Reached XP level 15. HP: 66/125 MP: 22/22
 20631 | Lair:6   | Reached skill level 14 in Fighting
 20728 | Lair:6   | Reached skill level 10 in Invocations
 21460 | Orc:1    | Entered Level 1 of the Orcish Mines
 21619 | Orc:2    | Entered Level 2 of the Orcish Mines
 21619 | Orc:2    | Found a staircase to the Elven Halls.
 21696 | Orc:1    | Noticed Maurice
 21726 | Orc:1    | Killed Maurice
 22337 | Orc:2    | Found Cial's Assorted Antiques.
 22337 | Orc:2    | Found Buarut's Assorted Antiques.
 22337 | Orc:2    | Found Nicsiol's Antique Weapon Shop.
 22337 | Orc:2    | Found Toluaq's Antique Weapon Shoppe.
 22354 | Orc:2    | Reached skill level 15 in Fighting
 22562 | Orc:2    | Bought a thick robe for 165 gold pieces
 22562 | Orc:2    | Bought a dented malachite amulet for 145 gold pieces
 22562 | Orc:2    | Bought a scroll of identify for 58 gold pieces
 22569 | Orc:2    | Bought a scroll of acquirement for 1092 gold pieces
 22569 | Orc:2    | Bought a scroll labeled PODO KESHUT for 21 gold pieces
 22569 | Orc:2    | Bought a scroll of teleportation for 63 gold pieces
 23273 | D:12     | Found a blossoming altar of Fedhas.
 23282 | D:12     | Noticed Azrael
 23291 | D:12     | Killed Azrael
 23319 | D:11     | Identified the +1 robe of Hangman {Stlth+} (You bought it in a shop on level 2 of the Orcish Mines)
 23369 | D:12     | Reached skill level 1 in Stealth
 23554 | D:12     | Killed Fannar
 23554 | D:12     | Reached skill level 16 in Fighting
 23734 | D:12     | Reached XP level 16. HP: 133/138 MP: 24/24
 23900 | D:13     | Found a frozen archway.
 23995 | IceCv    | Entered an ice cave
 24346 | D:13     | Found Eqidota's Antique Weapon Emporium.
 24766 | D:14     | Learned a level 3 spell: Stone Arrow
 24774 | D:14     | Found a gate to the Vaults.
 24852 | D:14     | Reached skill level 1 in Earth Magic
 25267 | D:15     | Entered Level 15 of the Dungeon
 25372 | D:15     | Found an opulent altar of Gozag.
 25585 | D:15     | Noticed Louise
 25597 | D:15     | Noticed Sonja
 25599 | D:15     | Reached skill level 5 in Earth Magic
 25609 | D:15     | Cast into level 3 of the Abyss (Louise)
 25609 | Abyss:3  | Found a corrupted altar of Lugonu.
 25701 | Abyss:3  | Got an opalescent robe
 25738 | Abyss:3  | Gained mutation: You are partially covered in icy blue scales. (AC +2) [a neqoxec]
 25780 | Abyss:3  | Paralysed by accursed screaming for 1 turns
 25820 | Abyss:3  | Noticed a bone dragon
 25841 | Abyss:3  | Killed a bone dragon
 25873 | Abyss:3  | Found a corrupted altar of Lugonu.
 26053 | Abyss:3  | Noticed a profane servitor
 26071 | Abyss:3  | Killed a profane servitor
 26071 | Abyss:3  | Reached skill level 10 in Conjurations
 26128 | Abyss:3  | Noticed a tentacled starspawn
 26133 | Abyss:3  | Reached XP level 17. HP: 110/144 MP: 14/23
 26153 | Abyss:3  | Killed a tentacled starspawn
 26286 | Abyss:3  | Noticed a tentacled starspawn
 26294 | Abyss:3  | Killed a tentacled starspawn
 26625 | Abyss:3  | Reached skill level 10 in Earth Magic
 26724 | Abyss:3  | Noticed a tentacled starspawn
 26750 | Abyss:3  | Killed a tentacled starspawn
 26860 | Abyss:3  | Reached skill level 5 in Spellcasting
 26945 | Abyss:3  | Noticed a lich
 26951 | Abyss:3  | Noticed a bone dragon
 26952 | Abyss:3  | Noticed a Hell Sentinel
 26960 | Abyss:3  | Noticed an Executioner
 26960 | Abyss:3  | Killed a lich
 26974 | Abyss:3  | Noticed a bone dragon
 26985 | Abyss:3  | HP: 2/146 [bone dragon (8)]
 26992 | Abyss:3  | HP: 1/146 [spatial maelstrom (10)]
 26992 | Abyss:3  | Slain by a spatial maelstrom

Vault maps used:
D:1:      dpeg_arrival_refuge
D:3:      eat_drink_and_be_merry_uskayaw, first_bread, corexii_hall_statues_i,
          glass_columns_a, uniq_natasha
D:4:      lemuel_round_altar
D:5:      led_sif_pool, elyvilon_altar_3
D:6:      nicolae_overflow_crystal_walls, vehumet_crystals,
          nicolae_ossuary_entry_catacombs
D:7:      nicolae_tso_swordbearing_angel, minmay_temple_entry_trees
D:8:      cheibrodos_ashenzari_chains, uniq_psyche
D:9:      lair_entry_dummy, serial_shops, shop
D:10:     erik_orc_1, david_nohive_1, uniq_harold, uniq_josephine
D:11:     minmay_nine_imps, uniq_erolcha
D:12:     fedhas_altar_1, uniq_fannar, uniq_azrael
D:13:     portal_ice_cave_entry_pillars_1, serial_shops, shop_coins,
          minmay_protected_statue
D:14:     david_vaults_3, minmay_checkerbox
D:15:     gammafunk_enter_depths_forms,
          nicolae_gozag_cash_rules_everything_around_me, uniq_louise,
          uniq_agnes, uniq_sonja, uniq_roxanne
Temple:   eino_narrow_crystal_temple
Lair:1:   lab_entry_generic, uniq_gastronok
Lair:2:   hangedman_lair_unloving_vines
Lair:3:   shoals_dummy_entry, nicolae_spider_entry_tight_spaces,
          grunt_forest_stairs_clearing, uniq_urug
Lair:4:   grunt_megastairs_1
Lair:5:   beast_lair_carwin_large_2, slime_altar_1, minmay_hedge_maze,
          grunt_megastairs_4
Lair:6:   guppyfry_lair_end_dragon, hangedman_lair_tendril_chambers
Orc:1:    uniq_maurice
Orc:2:    st_orc_ogre_mass
Lab:      nicolae_lab_arrow
Ossuary:  ossuary_kennysheep_city_of_the_dead
IceCv:    ice_cave_statue_garden_chambered

Skill      XL: |  1  2  3  4  5  6  7  8  9 10 11 12 13 14 15 16 17 |
---------------+----------------------------------------------------+-----
Long Blades    | 3 4 5 6 8 10 11 13 15 | 15.4
Fighting       | 4 5 6 7 9 10 13 16 | 16.7
Dodging        | 1 2 3 4 5 6 |  6.4
Armour         | 4 6 7 8 |  8.8
Shields        | 5 6 7 8 |  8.1
Invocations    | 3 5 6 9 11 | 11.8
Spellcasting   | 4 6 |  6.2
Conjurations   | 5 8 10 11 | 11.0
Hexes          | 5 8 |  8.3
Ice Magic      | 4 8 |  8.0
Stealth        | 2 3 |  3.8
Earth Magic    | 7 10 | 10.1

Action                   |  1- 3 |  4- 6 |  7- 9 | 10-12 | 13-15 | 16-18 || total
-------------------------+-------+-------+-------+-------+-------+-------++-------
Melee: Long sword        |    91 |   202 |   411 |       |       |       ||   704
       Demon blade       |       |       |    11 |   391 |   818 |   684 ||  1904
       Unarmed           |       |       |       |       |     7 |       ||     7
       Eudemon blade     |       |       |       |       |       |    14 ||    14
Throw: Throwing net      |       |       |       |     2 |       |       ||     2
 Cast: Ensorcelled Hiber |       |       |       |       |     5 |       ||     5
       Dazzling Spray    |       |       |       |       |     3 |     2 ||     5
       Stone Arrow       |       |       |       |       |       |     6 ||     6
Invok: Bend Time         |       |       |       |     2 |     2 |     1 ||     5
       Temporal Distorti |       |       |       |     1 |       |       ||     1
       Slouch            |       |       |       |       |     2 |     7 ||     9
       Step From Time    |       |       |       |       |       |     1 ||     1
 Abil: Hop               |       |       |     2 |       |     1 |     2 ||     5
Evoke: Wand              |       |       |     2 |     5 |     7 |       ||    14
  Use: Scroll            |     8 |     4 |    11 |     6 |     8 |    13 ||    50
       Potion            |       |       |    10 |     3 |     3 |     9 ||    25
 Stab: Invisible         |       |       |     1 |       |     2 |     2 ||     5
       Held in net/web   |       |       |       |     2 |       |       ||     2
       Sleeping          |       |       |       |     1 |     6 |     6 ||    13
       Distracted        |       |       |       |       |     8 |     5 ||    13
       Petrifying        |       |       |       |       |       |     2 ||     2
  Eat: Chunk             |       |    19 |    16 |    11 |     9 |       ||    55
       Fruit             |       |       |       |       |     6 |    12 ||    18
Armor: Scale mail        |    36 |    94 |   115 |    63 |       |       ||   308
       Steam dragon scal |       |       |       |     6 |       |       ||     6
       Leather armour    |       |       |       |     4 |     2 |       ||     6
       Robe              |       |       |       |       |   176 |   141 ||   317
       Skin              |       |       |       |       |     2 |       ||     2
Dodge: Dodged            |    33 |    51 |   101 |   116 |   418 |   323 ||  1042
Block: Shield            |    49 |   110 |   176 |   209 |   623 |   483 ||  1650
       Rpst.: Long sword |    13 |    19 |    32 |       |       |       ||    64
       Demon blade       |       |       |       |    26 |    97 |    59 ||   182
       Eudemon blade     |       |       |       |       |       |    10 ||    10
